AoeStats
← MooseMooch

Arabia

508822041Analyzed
1v1 RM · 8d ago on Sep 24, 2026· 42m 25s· 2 players
Game mode
Random Map
Map size
Tiny (2 player)
Population
200
Speed
Normal
Resources
Standard
Victory
Conquest
Starting age
Dark Age
Ending age
Imperial Age
RankedLock teamsTeams togetherTeam positionsShared explorationLock speedFull tech treeHidden civsTurbo modeCheats
Victory
Defeat
🇩🇪 Portuguese · Germany
1178
+18
🇨🇳 Persians · China
1221
-18
MooseMooch
7:03 Loom
9:11 Feudal Age
9:25 Man-at-Arms
9:54 Double-Bit Axe
15:35 Fletching
18:21 Wheelbarrow
21:52 Castle Age
19:46 Horse Collar
20:51 Bloodlines
21:02 Scale Barding Armor
21:25 Forging
22:31 Bodkin Arrow
21:57 Crossbowman
22:53 Bow Saw
31:04 Chain Barding Armor
31:13 Husbandry
31:49 Iron Casting
38:31 Imperial Age
36:06 Heavy Plow
36:26 Pikeman
37:07 Scale Mail Armor
37:56 Chain Mail Armor
38:55 Halberdier
40:06 Plate Mail Armor
40:15 Conscription
40:38 Iron Casting
41:29 Chemistry
41:35 Hand Cart
yanglegeyang
7:34 Loom
10:50 Feudal Age
17:42 Castle Age
17:40 Bloodlines
22:27 Double-Bit Axe
24:45 Forging
25:56 Scale Barding Armor
26:56 Husbandry
27:39 Stone Mining
27:31 Horse Collar
28:50 Heavy Plow
31:09 Chain Barding Armor
32:37 Iron Casting
38:53 Wheelbarrow
38:29 Bow Saw
41:08 Gold Mining
Connection lost

Rejoining the realm…

Still unreachable

The connection could not be restored.

Session expired

The server has moved on; the page needs a fresh start.